 Dungeon Crawl Stone Soup version 0.17.1-1-g73c8601 (console) character file.

7047 Kloppie the Fighter (level 11, -11/99 HPs)
             Began as a Formicid Fighter on Dec 21, 2015.
             Was a Follower of Ru.
             Mangled by a blink frog (14 damage)
             ... on level 1 of the Lair of Beasts.
             The game lasted 00:21:54 (13832 turns).

Kloppie the Fighter (Formicid Fighter)             Turns: 13832, Time: 00:21:54

Health: -11/99     AC: 13    Str: 20    XL:     11   Next: 30%
Magic:  11/11      EV:  4    Int:  9    God:    Ru [*.....]
Gold:   335        SH:  9    Dex: 13    Spells: 0 memorised, 10 levels left

rFire  . . .     SeeInvis +     a - +1 long sword
rCold  + . .     Clarity  .     B - +0 plate armour
rNeg   . . .     SustAt   .     c - +0 shield
rPois  +         Gourm    .     (helmet unavailable)
rElec  .         Spirit   .     (no cloak)
rCorr  .         Warding  .     F - +1 pair of gloves
rMut   .         Stasis   +     (no boots)
MR     +....                    (no amulet)
Stlth  ..........               C - ring of poison resistance
                                A - ring of protection from cold

@: somewhat resistant to hostile enchantments, extremely unstealthy
A: permanent stasis, dig shafts and tunnels, four strong arms, antennae 3,
inexperienced 1
a: Dig, Shaft Self, Renounce Religion


You were on level 1 of the Lair of Beasts.
You worshipped Ru.
Ru was aware of your devotion.
You were hungry.

You visited 3 branches of the dungeon, and saw 11 of its levels.
You also visited: Ice Cave.

You collected 335 gold pieces.

Inventory:

Hand Weapons
 a - a +1 long sword (weapon)
 b - a +0 dire flail
Armour
 c - a +0 shield (worn)
 B - a +0 plate armour (worn)
 F - a +1 pair of gloves (worn)
Jewellery
 m - a +3 ring of intelligence
 y - an uncursed ring of protection from cold
 A - a ring of protection from cold (left hand)
 C - a ring of poison resistance (right hand)
 I - an uncursed ring of sustain attributes
Wands
 d - a wand of magic darts (7)
 k - a wand of magic darts (34)
 n - a wand of teleportation (3)
 q - a wand of paralysis (8)
 z - a wand of slowing (19)
 H - a wand of teleportation (9)
 M - a wand of draining (14)
Scrolls
 f - 3 scrolls of enchant weapon
 i - 3 scrolls of amnesia
 j - a scroll of vulnerability {unknown}
 l - a scroll of holy word
 o - 2 scrolls of magic mapping
 p - 4 scrolls of identify
Potions
 h - 2 potions of mutation
 r - a potion of brilliance
 s - 2 potions of degeneration {unknown}
 x - a potion of experience {unknown}
 E - 3 potions of curing {unknown}
 J - 3 potions of resistance {unknown}
 L - a potion of lignification {unknown}
Books
 g - a book of Dreams

   Spells                             Type                      Level
   a - Ensorcelled Hibernation        Hexes/Ice                    2
   b - Phase Shift                    Translocation                5
   c - Shadow Creatures               Summoning                    5
   d - Silence                        Hexes/Air                    5
   e - Darkness                       Hexes                        6
   f - Mass Confusion                 Hexes                        6
 t - a book of Cantrips

   Spells                             Type                      Level
   a - Corona                         Hexes                        1
   b - Animate Skeleton               Necromancy                   1
   c - Summon Small Mammal            Summoning                    1
   d - Apportation                    Translocation                1
Comestibles
 e - 7 bread rations
 u - 8 fruits
 v - 2 beef jerkies


   Skills:
 + Level 13.6 Fighting
 + Level 12.4 Long Blades
 - Level 3.2 Armour
 - Level 3.6 Shields


You had 10 spell levels left.
You didn't know any spells.

Dungeon Overview and Level Annotations

Branches:
Dungeon (8/15)             Temple (1/1) D:7            Lair (2/8) D:8

Altars:
Ashenzari
Cheibriados
Dithmenos
Elyvilon
Fedhas
Gozag
Kikubaaqudgha
Makhleb
Nemelex Xobeh
Okawaru
Qazlal
Ru
Sif Muna
Trog
Vehumet
Xom
Yredelemnul
Zin
The Shining One

Shops:
D:4 %   D:7 [

Annotations:
D:3 Grinder


Innate Abilities, Weirdness & Mutations

You are under a permanent stasis effect.
You can dig through walls and to a lower floor.
Your four strong arms can wield two-handed weapons with a shield.
You have a pair of large antennae on your head (SInv).
You are somewhat inexperienced (-2 XL).


Message History

* * * LOW HITPOINT WARNING * * *
You slash the blink frog!
You kill the blink frog!
The blink frog hits you but does no damage.
The blink frog blinks!
The blink frog blinks!
You block the blink frog's attack.
You hit the blink frog.
The blink frog is heavily wounded.
The blink frog hits you!
* * * LOW HITPOINT WARNING * * *
You completely miss the blink frog.
The blink frog is heavily wounded.
You redirect the blink frog's attack!
You block the blink frog's attack.
You hit the blink frog.
The blink frog is severely wounded.
The blink frog begins to attack, but is stunned by your will!
The blink frog hits you!
You die...

#....#### ######.####.+#
###'## #.# ##[. #..># ##.# #..
###...## #..# ###.# #....(.#
##.# #.... #......# ##>####...
##.....>########### #..#.##...
#..........##P#.#.###.........
##.....F.....@F..........#....
#......#######.##....#####...
####.### ###P.#### #### #.##
##..# # #..### #.## #
#####'#.## #####'### #
#........# #.......#
#........## #.......# #
#.........# #.......# ##


You could see 2 blink frogs.

Vanquished Creatures
  A griffon (Lair:2)
  2 spiny frogs (Lair:1)
  A komodo dragon (Lair:2)
  7 blink frogs
  2 hungry ghosts
  14 yaks
  A deep elf fighter (D:8)
  5 wolves (Lair:1)
  2 hippogriffs
  3 water moccasins
  A black bear (D:8)
  An ice beast (D:5)
  4 ogres
  2 sky beasts
  2 necrophages (D:8)
  An alligator simulacrum (IceCv)
  A centaur (D:7)
  4 orc warriors
  5 crocodiles
  A big kobold (D:7)
  A gnoll sergeant (D:6)
  7 giant frogs
  5 killer bees
  2 crimson imps
  2 hounds
  3 giant frog skeletons
  2 centaur skeletons
  A giant frog zombie (D:7)
  4 worker ants
  3 orc priests
  3 orc wizards
  Terence (D:2)
  2 gnoll shamans
  Natasha (twice) (D:2)
  8 sheep (Lair:2)
  A hound skeleton (D:5)
  A worker ant zombie (D:8)
  11 gnolls
  12 adders
  7 river rats
  A shadow imp (D:5)
  2 worms
  18 orcs
  A ball python (D:7)
  A giant cockroach (D:2)
  7 goblins
  8 hobgoblins
  9 jackals
  16 kobolds
  2 quokkas
  18 bats
  2 giant geckos
  A giant gecko skeleton (D:6)
  A giant gecko zombie (D:5)
  2 giant newts
  A jackal zombie (D:5)
  13 rats
241 creatures vanquished.

Vanquished Creatures (others)
  9 fungi
9 creatures vanquished.

Grand Total: 250 creatures vanquished

Notes
Turn   | Place    | Note
--------------------------------------------------------------
     0 | D:1      | Kloppie the Formicid Fighter began the quest for the Orb.
     0 | D:1      | Reached XP level 1. HP: 18/18 MP: 1/1
   111 | D:1      | Reached XP level 2. HP: 18/24 MP: 2/2
   686 | D:1      | Reached skill level 4 in Fighting
   788 | D:2      | Noticed Terence
   802 | D:2      | Killed Terence
   802 | D:2      | Reached XP level 3. HP: 21/31 MP: 3/3
   820 | D:2      | Found an iron altar of Okawaru.
   916 | D:2      | Reached XP level 4. HP: 14/38 MP: 4/4
  1542 | D:2      | Noticed Natasha
  1553 | D:2      | Killed Natasha
  1562 | D:2      | Reached XP level 5. HP: 31/43 MP: 5/5
  1716 | D:2      | Found an iron altar of Okawaru.
  1734 | D:2      | Reached skill level 5 in Fighting
  1817 | D:2      | Noticed Natasha
  1827 | D:2      | Killed Natasha
  2188 | D:3      | Noticed Grinder
  2274 | D:3      | Reached XP level 6. HP: 42/51 MP: 6/6
  2729 | D:4      | Found Kely's Food Shop.
  2759 | D:4      | Found a sacrificial altar of Ru.
  2863 | D:4      | Found a snail-covered altar of Cheibriados.
  3300 | D:5      | Entered Level 5 of the Dungeon
  3320 | D:5      | Reached skill level 6 in Fighting
  3350 | D:5      | Reached skill level 5 in Long Blades
  3350 | D:5      | Reached XP level 7. HP: 46/58 MP: 7/7
  3375 | D:5      | Found an ancient bone altar of Kikubaaqudgha.
  3563 | D:5      | Found a shadowy altar of Dithmenos.
  3674 | D:5      | Found an opulent altar of Gozag.
  3873 | D:5      | Reached skill level 7 in Fighting
  3873 | D:5      | Reached XP level 8. HP: 10/67 MP: 8/8
  3875 | D:5      | HP: 3/67 [giant frog (3)]
  5010 | D:6      | Reached skill level 8 in Fighting
  6482 | D:7      | Reached skill level 9 in Fighting
  6482 | D:7      | Reached XP level 9. HP: 17/76 MP: 9/9
  6975 | D:7      | Found a burning altar of Makhleb.
  7105 | D:7      | Found Woomneuk's Antique Armour Shop.
  7333 | D:7      | Found a staircase to the Ecumenical Temple.
  7339 | Temple   | Entered the Ecumenical Temple
  7721 | D:4      | Became a worshipper of Ru the Awakened
  8187 | D:8      | Reached skill level 10 in Fighting
  8653 | D:8      | Found a deep blue altar of Sif Muna.
  8706 | D:8      | Reached XP level 10. HP: 81/86 MP: 10/10
  8748 | D:8      | Found a staircase to the Lair.
  8788 | D:8      | Reached skill level 11 in Fighting
  9299 | D:8      | Reached skill level 10 in Long Blades
  9428 | D:8      | Found a glowing silver altar of Zin.
  9429 | D:8      | Noticed an angel
  9823 | Lair:1   | Entered Level 1 of the Lair of Beasts
  9853 | Lair:1   | Gained mutation: You are somewhat inexperienced (-2 XL). [Ru sacrifice]
  9853 | Lair:1   | Reached XP level 9. HP: 81/81 MP: 9/9
  9853 | Lair:1   | Reached XP level 8. HP: 75/75 MP: 8/8
  9853 | Lair:1   | Reached * piety under Ru
  9887 | Lair:1   | Found a frozen archway.
  9912 | IceCv    | Entered an ice cave
 10370 | Lair:1   | Reached XP level 9. HP: 78/82 MP: 9/9
 10604 | Lair:1   | Reached skill level 12 in Fighting
 10891 | Lair:1   | Reached XP level 10. HP: 56/90 MP: 10/10
 12234 | Lair:2   | Reached skill level 13 in Fighting
 12624 | Lair:2   | Noticed a spiny frog
 12628 | Lair:2   | Noticed a spiny frog
 12659 | Lair:1   | Killed a spiny frog
 12659 | Lair:1   | Reached XP level 11. HP: 9/98 MP: 11/11
 13038 | Lair:1   | Killed a spiny frog
 13175 | Lair:2   | Noticed a griffon
 13197 | Lair:2   | Killed a griffon
 13830 | Lair:1   | HP: 3/99 [blink frog (10)]
 13832 | Lair:1   | Mangled by a blink frog

Action                   |  1- 3 |  4- 6 |  7- 9 | 10-12 || total
-------------------------+-------+-------+-------+-------++-------
Melee: Long sword        |    86 |   228 |   685 |   404 ||  1403
Invok: Sacrifice Experie |       |       |     1 |       ||     1
  Use: Potion            |       |       |     5 |     2 ||     7
       Scroll            |       |       |    16 |       ||    16
 Stab: Distracted        |       |       |       |     1 ||     1
  Eat: Chunk             |       |     8 |    23 |    10 ||    41
       Meat ration       |       |       |     1 |       ||     1
       Beef jerky        |       |       |     1 |       ||     1
       Fruit             |       |       |     4 |       ||     4
       Pizza             |       |       |     2 |       ||     2
       Bread ration      |       |       |     1 |       ||     1
